 Dungeon Crawl Stone Soup version 0.31-a0-1074-g0b22e4e0f1 (webtiles) character file.

Game seed: 8109824530168302172

139 quinnr the Gusty (level 5, -1/31 HPs)
             Began as a Tengu Air Elementalist on Nov 25, 2023.
             Killed from afar by Ijyb (10 damage)
             ... with a puff of flame
             ... on level 3 of the Dungeon on Nov 26, 2023.
             The game lasted 00:08:59 (3781 turns).

quinnr the Gusty (Tengu Air Elementalist)           Turns: 3781, Time: 00:09:00

Health: -1/31      AC:  2    Str:  8    XL:     5   Next: 22%
Magic:  2/9        EV: 12    Int: 18    God:
Gold:   90         SH:  0    Dex: 14    Spells: 2/8 levels left

rFire   . . .        m - +1 dagger (drain)
rCold   . . .        (no shield)
rNeg    . . .        a - +0 robe
rPois   +            (helmet restricted)
rElec   .            (no cloak)
rCorr   .            (no gloves)
SInv    .            (boots unavailable)
Will    .....        (no amulet)
Stlth   ++           P - ring of poison resistance
HPRegen 0.25/turn    (no ring)
MPRegen 0.11/turn

%: acrobat
@: no status effects
A: beak, talons 3, acrobatic
a: no special abilities


You were on level 3 of the Dungeon.
You visited 1 branch of the dungeon, and saw 3 of its levels.

You collected 145 gold pieces.
You spent 55 gold pieces at shops.


Innate Abilities, Weirdness & Mutations

You have a beak for a mouth.
You have claws for feet.
You can magically evade attacks while moving or waiting.


   Skills:
 - Level 2.6 Fighting
 - Level 2.3 Dodging
 - Level 2.1 Stealth
 + Level 2.1 Spellcasting
 - Level 3.0 Conjurations
 + Level 5.5 Air Magic


You had 2 spell levels left.
You knew the following spells:

 Your Spells              Type           Power      Damage    Failure   Level
i - Swiftness             Air            21%        N/A       5%          3
t - Static Discharge      Conj/Air       34%        3-5/arc   4%          2
z - Shock                 Conj/Air       68%        1d7       3%          1

Your spell library contained the following spells:

 Spells                   Type           Power      Damage    Failure   Level
 Airstrike                Air            10%        2d(2-18)  19%         4

Inventory:

Hand Weapons
 k - a +0 whip of electrocution
 l - a +0 dagger of venom
 m - a +1 dagger of draining (weapon)
Armour
 a - a +0 robe (worn)
Jewellery
 P - a ring of poison resistance (left hand)
Scrolls
 d - 2 scrolls of teleportation {@r2}
 g - 2 scrolls of identify {@r1}
 h - a scroll of brand weapon
 j - a scroll of vulnerability
 n - a scroll of enchant armour {unknown}
Potions
 b - a potion of magic
 c - 2 potions of resistance
 e - a potion of brilliance
 f - a potion of heal wounds {@q2}
 i - 2 potions of curing {@q1}

Dungeon Overview and Level Annotations

Branches:
Dungeon (3/15)

Altars:

Shops:
D:1 [   D:3 ?

Annotations:
D:3 Ijyb

#.#.#.##..##.## #.######.......#
#.#...........# #.##.).........#
##.#...........# #.##[###.......#
##.#####.....#.# #.##.#.........#
##.............# #....#.#...#.###
##.#####.#...#####..............#
...#..#......####.......#####.#.#
##.<...........##..######.....#.#
.............#.#@g.##.###.#####.#
.†.....................>#∩### #.#
....#.....<..#.....#........# #.#
##..#.#.###.#[........#.#...# #.#
..........#....#####.##.#.#.# #.#
##..#.#.#.###........##.#.#.###.#
##..#.#.#.# ##...##..##.#.#.....#
....#.....###..).....##.#.#######
##.####...........##.##.#.###


You could see Ijyb.


Message History

Level annotation: Ijyb Ijyb zaps a wand.
The puff of flame hits you!
There is a stone staircase leading up here.
The zap hits Ijyb.
Ijyb is lightly wounded.
The zap hits Ijyb.
Ijyb is moderately wounded.
Casting: Shock (safe; 3% risk of failure)
Confirm with . or Enter, or press ? or * to list all spells.
Aiming: Shock (safe; 3% risk of failure)
Press: ? - help, Shift-Dir - straight line, p - Ijyb The zap hits Ijyb.
Ijyb is moderately wounded.
Unknown command.
Casting: Shock (safe; 3% risk of failure)
Confirm with . or Enter, or press ? or * to list all spells.
Ijyb is struck by an arc of lightning.
Ijyb is heavily wounded.
You are struck by an arc of lightning.
The lightning grounds out.
Ijyb zaps a wand.
The puff of flame hits you!
* * * LOW HITPOINT WARNING * * *
Unknown command.
Unknown command.
Casting: Static Discharge (safe; 4% risk of failure)
Confirm with . or Enter, or press ? or * to list all spells.
Ijyb is struck by an arc of lightning.
You are struck by an arc of lightning.
* * * LOW HITPOINT WARNING * * *
Ijyb is struck by an arc of lightning.
Ijyb zaps a wand.
The puff of flame hits you!
You die...

Skill      XL: |  1  2  3  4 |
---------------+-------------+-----
Conjurations   | 3 |  3.0
Fighting       | 1 2 |  2.6
Air Magic      | 5 |  5.5
Dodging        | |  2.3
Stealth        | |  2.1
Spellcasting   | |  2.1

Action                     |  1- 3 |  4- 6 || total
---------------------------+-------+-------++-------
  Melee: Unarmed           |     3 |       ||     3
         Kick              |     1 |       ||     1
   Cast: Shock             |    80 |    59 ||   139
         Static Discharge  |       |     4 ||     4
         Swiftness         |       |     1 ||     1
    Use: Scroll            |       |     6 ||     6
 Armour: Robe              |     5 |    14 ||    19
  Dodge: Dodged            |    10 |     9 ||    19

Levels and vault maps discovered:
D:1:      spicycebolla_arrival_clurvy, layout_basic, serial_shops, shop
D:2:      layout_basic
D:3:      layout_basic, nicolae_tso_swordbearing_angel, serial_shops, shop,
          uniq_ijyb

Notes
Turn   | Place    | Note
-------+----------+-------------------------------------------
     0 | D:1      | quinnr the Tengu Air Elementalist began the quest for the
                  | Orb.
     0 | D:1      | Reached XP level 1. HP: 10/10 MP: 4/4
     0 | D:1      | Upgraded the game from 0.31-a0-986-g5e6e4ef867 to
                  | 0.31-a0-1071-gaead2f62b1
   357 | D:1      | Reached XP level 2. HP: 15/15 MP: 3/6
   394 | D:1      | Learned a level 2 spell: Static Discharge
   506 | D:1      | Reached skill level 2 in Conjurations
   635 | D:1      | You fall into a shaft and drop 1 floor!
  1170 | D:1      | Found Otiyc's Antique Armour Emporium.
  1177 | D:1      | Reached skill level 3 in Conjurations
  1331 | D:2      | Reached XP level 3. HP: 20/20 MP: 3/7
  1335 | D:2      | Learned a level 3 spell: Swiftness
  1769 | D:2      | Reached skill level 1 in Fighting
  1825 | D:2      | Upgraded the game from 0.31-a0-1071-gaead2f62b1 to
                  | 0.31-a0-1074-g0b22e4e0f1
  2220 | D:2      | Reached XP level 4. HP: 25/25 MP: 1/8
  2311 | D:3      | Found Jupset's Magic Scroll Shop.
  2319 | D:3      | Bought a scroll of identify for 22 gold pieces
  2319 | D:3      | Bought a scroll of teleportation for 33 gold pieces
  2319 | D:3      | Identified 2 potions of resistance
  2567 | D:3      | Reached skill level 2 in Fighting
  2567 | D:3      | Reached skill level 5 in Air Magic
  2604 | D:3      | Reached XP level 5. HP: 14/31 MP: 0/9
  3269 | D:3      | Noticed Ijyb
  3781 | D:3      | Killed from afar by Ijyb

Vanquished Creatures
  An orc priest (D:3)
  An orc wizard (D:3)
  2 adders (D:2)
  A dart slug (D:1)
  5 orcs (D:3)
  4 ball pythons
  6 bats
  5 endoplasms
  6 giant cockroaches
  A hobgoblin (D:3)
  4 quokkas
  4 frilled lizards
  8 goblins
  4 kobolds
  5 rats
  A butterfly (D:1)
58 creatures vanquished.

Table legend: (Time is in decaauts)
 A = Elapsed time spent in this place.
 B = Non-inter-level travel time spent in this place.
 C = Inter-level travel time spent in this place.
 D = Time resting spent in this place.
 E = Time spent auto-exploring this place.
 F = Levels seen in this place.
 G = Mean time per level.
                   A        B        C        D        E       F      G
               +--------+--------+--------+--------+--------+-----+--------+
         Total |   3778 |   3690 |     88 |     89 |   3154 |   3 | 1259.3 |
       Dungeon |   3778 |   3690 |     88 |     89 |   3154 |   3 | 1259.3 |
               +--------+--------+--------+--------+--------+-----+--------+

Top non-repeatable levels by time:
     D:2: 1610 daAuts
     D:1: 1175 daAuts
     D:3: 992 daAuts

Table legend:
 A = Non-vault XP
 B = Vault XP
 C = Vault XP percentage of total XP
 D = Non-vault monster count
 E = Vault monster count
 F = Vault count percentage of total count
                 A         B        C        D         E       F
            +---------+---------+-------+---------+---------+-------
      Total |     199 |       0 |   0.0 |      57 |       0 |   0.0
            +---------+---------+-------+---------+---------+-------
        D:1 |      25 |       0 |   0.0 |      15 |       0 |   0.0
        D:2 |      60 |       0 |   0.0 |      21 |       0 |   0.0
        D:3 |     114 |       0 |   0.0 |      21 |       0 |   0.0
            +---------+---------+-------+---------+---------+-------

Levels and vault maps discovered:
D:1:      spicycebolla_arrival_clurvy, layout_basic, serial_shops, shop
D:2:      layout_basic
D:3:      layout_basic, nicolae_tso_swordbearing_angel, serial_shops, shop,
          uniq_ijyb
